 Dungeon Crawl Stone Soup version 0.24.0-123-gd5b16e6ec5 (webtiles) character file.

Game seed: 17079385649926788567, levelgen mode: deterministic

318 AuftragZ the Ducker (level 6, -1/51 HPs)
             Began as a Draconian Skald on Jan 28, 2020.
             Slain by a big kobold zombie (4 damage)
             ... in an ossuary.
             The game lasted 00:11:33 (3243 turns).

AuftragZ the Ducker (Draconian Skald)               Turns: 3243, Time: 00:11:34

Health: -1/51      AC:  8    Str: 14 (16) XL:     6   Next: 21%
Magic:  2/9        EV: 13    Int: 11 (13) God:
Gold:   93         SH:  0    Dex: 10      Spells: 3/9 levels left

rFire    . . .     SeeInvis .   b - +4 dagger (vamp)
rCold    . . .     Gourm    .   (no shield)
rNeg     . . .     Faith    .   (armour unavailable)
rPois    .         Spirit   .   (helmet restricted)
rElec    .         Reflect  .   f - +1 cloak
rCorr    .         Harm     .   (no gloves)
MR       .....                  (no boots)
Stlth    +.........             (no amulet)
HPRegen  0.17/turn              (no ring)
MPRegen  0.11/turn              (no ring)

@: marked, very slightly contaminated
A: unfitting armour, stinger 2, cold-blooded, AC +6
a: no special abilities


You were in an ossuary.
You were not hungry.

You visited 1 branch of the dungeon, and saw 4 of its levels.
You also visited: Ossuary.

You collected 95 gold pieces.
You donated 2 gold pieces to Zin.

Inventory:

Hand Weapons
 a - a +0 hand axe
 b - a +4 vampiric dagger (weapon)
Armour
 f - a +1 cloak (worn)
Jewellery
 h - an uncursed ring of protection from cold
Potions
 d - a potion of agility
 e - a potion of haste
Comestibles
 c - 7 rations


   Skills:
 + Level 3.3 Fighting
 + Level 3.1 Short Blades
 + Level 2.7 Axes
 + Level 3.5 Dodging
 + Level 0.6 Stealth
 + Level 2.3 Spellcasting
 + Level 3.3 Charms


You had 3 spell levels left.
You knew the following spells:

 Your Spells              Type           Power        Failure   Level  Hunger
a - Infusion              Chrm           #...         7%          1    ##.....
b - Song of Slaying       Chrm           #.......     11%         2    ###....
c - Spectral Weapon       Hex/Chrm       #.......     38%         3    ####...

Your spell library contained the following spells:

 Spells                   Type           Power        Failure   Level  Hunger
 Shroud of Golubria       Chrm/Tloc      #.....       22%         2    ###....
 Regeneration             Chrm/Necr      #.........   38%         3    ####...


Dungeon Overview and Level Annotations

Branches:
Dungeon (4/15)            Ossuary (1/1)
 Temple: D:4-7

Altars:
Gozag
Makhleb
Vehumet
Zin

Shops:
D:4 }


Innate Abilities, Weirdness & Mutations

Your plain brown scales are hard. (AC +6)
You cannot fit into any form of body armour.
You are cold-blooded and may be slowed by cold attacks.
Your tail ends in a sharp poisonous barb.


Message History

The centaur zombie closely misses you. The big kobold zombie hits you.
* * * LOW HITPOINT WARNING * * *
A mummy comes into view.
You hit the centaur zombie.
The centaur zombie is severely damaged.
The centaur zombie misses you. The centaur zombie barely misses you.
The mummy pulls the alarm!
The alarm trap emits a blaring wail!
The mark upon you grows brighter.
A mummy comes into view.
The big kobold zombie closely misses you.
You hit the centaur zombie.
The centaur zombie is almost destroyed.
The centaur zombie barely misses you.
The centaur zombie hits you but does no damage. x2
You hit the centaur zombie.
You destroy the centaur zombie!
The big kobold zombie fails to trigger a net trap.
The big kobold zombie hits you.
You die...

### ###########@#
##......M.ZZZZ^.^^.^
#........MZ.Z......M
#.....∩.∩...^.....M.
#...............^...
##..........^.......
###########.#.#.#.#
#########


You could see 4 mummies, 2 hobgoblin zombies, 3 big kobold zombies and a centaur
zombie.

Vanquished Creatures
  A centaur zombie (Ossuary)
  2 orc wizards (D:4)
  A big kobold zombie (Ossuary)
  A mummy (Ossuary)
  11 adders
  An ooze (D:3)
  2 worms
  2 dart slugs
  2 leopard geckos
  6 orcs
  2 ball pythons
  5 bats
  6 giant cockroaches
  6 goblins
  10 hobgoblins
  A jackal (D:3)
  3 quokkas
  5 frilled lizards
  A hobgoblin zombie (Ossuary)
  4 kobolds
  A leopard gecko skeleton (D:4)
  10 rats
83 creatures vanquished.

Notes
Turn   | Place    | Note
-------+----------+-------------------------------------------
     0 | D:1      | AuftragZ the Draconian Skald began the quest for the Orb.
     0 | D:1      | Reached XP level 1. HP: 17/17 MP: 3/3
   430 | D:1      | Reached XP level 2. HP: 25/25 MP: 5/5
   479 | D:1      | Learned a level 2 spell: Song of Slaying
  1129 | D:2      | Found a burning altar of Makhleb.
  1131 | D:2      | Found a radiant altar of Vehumet.
  1331 | D:2      | Reached XP level 3. HP: 26/30 MP: 6/6
  1376 | D:2      | Learned a level 3 spell: Spectral Weapon
  1653 | D:2      | Reached XP level 4. HP: 30/38 MP: 7/7
  1665 | D:2      | Reached skill level 1 in Short Blades
  2097 | D:2      | Found a faded altar of an unknown god.
  2104 | D:2      | Became a worshipper of Zin the Law-Giver
  2104 | D:2      | Reached * piety under Zin
  2278 | D:3      | Fell from the grace of Zin
  2309 | D:3      | Found an opulent altar of Gozag.
  2327 | D:3      | Reached XP level 5. HP: 45/45 MP: 8/8
  3200 | D:4      | Found a sand-covered staircase.
  3202 | D:4      | Found Variu's Gadget Boutique.
  3212 | Ossuary  | Entered an ossuary
  3222 | Ossuary  | Reached XP level 6. HP: 36/51 MP: 0/9
  3235 | Ossuary  | Gained mutation: Your tail ends in a poisonous barb.
                  | [potion of mutation]
  3235 | Ossuary  | Gained mutation: Your tail ends in a sharp poisonous barb.
                  | [potion of mutation]
  3240 | Ossuary  | HP: 2/51 [big kobold zombie (1)]
  3243 | Ossuary  | Slain by a big kobold zombie

Levels and vault maps discovered:
D:1:      sevenhm_arrival_forest_fort_large_1, layout_loops_ring,
          minmay_misc_feat_encased, hangedman_decor_opposing
D:2:      kennysheep_big_flooded_room, layout_loops_ring,
          grunt_temple_overflow_open, chequers_ecumenical_altar_lobes,
          hangedman_decor_growths, minmay_vboxes
D:3:      layout_rooms, old_standard_altar, minmay_randomly_rotated_circles
D:4:      layout_basic, serial_shops, shop,
          lightli_ossuary_entry_decrepit_ruins, first_ration,
          hangedman_decor_lopped
Ossuary:  ossuary_the_hunt_dpeg

Skill      XL: |  1  2  3  4  5 |
---------------+----------------+-----
Charms         | 3 |  3.3
Fighting       | 3 |  3.3
Short Blades   | 1 3 |  3.1
Dodging        | 3 |  3.5
Axes           | |  2.7
Stealth        | |  0.6
Spellcasting   | |  2.3

Action                   |  1- 3 |  4- 6 || total
-------------------------+-------+-------++-------
Melee: Hand axe          |    30 |       ||    30
       Dagger            |    98 |   212 ||   310
       Tailslap          |     5 |    19 ||    24
 Cast: Song of Slaying   |       |     6 ||     6
       Infusion          |       |     1 ||     1
Invok: Renounce Religion |       |     1 ||     1
  Use: Potion            |     5 |     5 ||    10
       Scroll            |     3 |     6 ||     9
 Stab: Invisible         |     2 |       ||     2
  Eat: Chunk             |     2 |     3 ||     5
       Ration            |       |     1 ||     1
Armor: Skin              |    53 |    92 ||   145
Dodge: Dodged            |    95 |   197 ||   292
